Map: 10000 Feet LE

Players

HeroMarine - Winner!

  • Race: Terran Terran
  • Spawn Location: 11:00

Zoun

  • Race: Protoss Protoss
  • League: Master
  • Spawn Location: 5:00

VOD

Have the link to the VOD?

Description

Time

  • Played on: Feb. 1, 2026, 8:39 a.m.
  • Length: 22:08
Show
View Real Time Build Order
Export as new Build Order

HeroMarine Terran - Winner!

Build Orders: Reaper Expand 

Get SALT Encoding   

  12  0:00  SCV  
  13  0:12  SCV  
  14  0:17  Supply Depot  
  14  0:24  SCV  
  15  0:39  SCV, Barracks  
  15  0:42  Refinery  
  16  0:51  SCV  
  17  1:03  SCV  
  18  1:15  SCV  
  19  1:26  Reaper  
  19  1:27  Orbital Command  
  20  1:43  Command Center  
  20  1:49  Supply Depot  
  20  1:53  SCV  
  21  1:58  Marine  
  22  2:05  SCV  
  22  2:07  Factory  
  23  2:17  SCV  
  23  2:18  Marine, Bunker  
  25  2:23  Refinery  
  25  2:29  SCV  
  26  2:36  Barracks Reactor  
  26  2:41  SCV  
  27  2:53  Hellion, Starport, SCV  
  27  2:55  Orbital Command  
  31  3:05  SCV  
  31  3:14  Widow Mine  
  31  3:17  SCV  
  31  3:19  Marine  
  34  3:20  Marine  
  34  3:21  SCV  
  34  3:26  Supply Depot  
  37  3:29  Medivac, SCV  
  37  3:33  SCV  
  41  3:36  Widow Mine  
  41  3:37  Marine x2  
  45  3:42  SCV  
  45  3:43  Barracks  
  45  3:47  SCV  
  47  3:49  Supply Depot  
  47  3:54  SCV  
  47  3:55  Marine  
  48  3:56  Marine  
  48  3:58  Factory Tech Lab  
  48  3:59  Starport Tech Lab, SCV  
  51  4:06  SCV  
  52  4:11  Barracks  
  52  4:12  SCV  
  52  4:15  Supply Depot  
  53  4:18  SCV  
  53  4:24  SCV  
  54  4:30  SCV  
  53  4:33  Marine  
  53  4:36  SCV, Refinery  
  53  4:37  Viking x2, Stimpack  
  53  4:38  Marine  
  60  4:42  SCV  
  61  4:48  SCV  
  61  4:51  Engineering Bay  
  61  4:52  Barracks Reactor, Supply Depot  
  60  4:54  SCV  
  60  4:55  Marine  
  62  5:00  SCV  
  62  5:06  SCV  
  64  5:07  Viking x2  
  64  5:08  Refinery  
  64  5:10  Factory Reactor  
  64  5:12  SCV  
  68  5:17  Marine  
  68  5:18  Combat Shield, Marine  
  68  5:19  SCV  
  69  5:24  SCV  
  70  5:29  Marine x2  
  70  5:31  SCV  
  70  5:33  Terran Infantry Weapons Level 1  
  69  5:35  Command Center  
  69  5:36  Marauder x2, SCV  
  69  5:41  Supply Depot  
  74  5:45  SCV  
  74  5:46  Missile Turret  
  76  5:50  Marine x2  
  76  5:53  Missile Turret  
  78  6:01  Barracks  
  78  6:03  Medivac x2, Barracks, Marauder  
  83  6:08  SCV x2  
  83  6:10  Missile Turret  
  85  6:12  Supply Depot  
  86  6:22  Ghost Academy  
  86  6:27  Supply Depot  
  86  6:28  SCV  
  86  6:33  Marine x2  
  86  6:34  SCV, Marauder x2, Viking x2  
  86  6:36  Widow Mine x2  
  101  6:40  SCV  
  101  6:46  SCV  
  102  6:51  Missile Turret, Barracks Tech Lab, Concussive Shells  
  102  6:52  SCV, Barracks Reactor, Bunker  
  102  6:54  Marine x2  
  103  6:58  Widow Mine  
  103  6:59  SCV, Widow Mine  
  110  7:04  SCV, Supply Depot  
  111  7:09  Medivac  
  111  7:11  SCV  
  111  7:12  Medivac  
  111  7:13  Marine  
  111  7:14  Marine  
  118  7:16  SCV  
  118  7:18  Orbital Command  
  119  7:25  Supply Depot  
  119  7:29  Supply Depot, Ghost  
  121  7:30  Ghost  
  121  7:35  Sensor Tower  
  121  7:36  Ghost  
  125  7:39  SCV x2  
  127  7:44  SCV  
  127  7:45  Refinery x2  
  127  7:49  Terran Infantry Armor Level 1  
  127  7:51  SCV x2  
  130  7:55  Supply Depot  
  130  7:56  Supply Depot  
  130  7:57  SCV  
  130  7:58  Armory, Engineering Bay  
  131  7:59  Widow Mine  
  131  8:00  Widow Mine, Marine  
  131  8:02  Marine  
  137  8:07  Marine x2  
  137  8:11  Missile Turret x2, Medivac  
  137  8:12  Medivac  
  143  8:17  Marine  
  143  8:18  Marine x3  
  143  8:19  Marine  
  147  8:25  Marine x2  
  150  8:27  Missile Turret, Widow Mine  
  150  8:28  Widow Mine  
  150  8:31  Missile Turret  
  154  8:38  SCV x3  
  154  8:40  Command Center  
  157  8:42  Ghost x2  
  157  8:43  Ghost  
  163  8:53  Terran Infantry Weapons Level 2  
  163  8:54  Terran Ship Weapons Level 1  
  163  9:01  Command Center  
  163  9:13  Command Center, Missile Turret, Viking  
  163  9:14  Viking  
  163  9:15  SCV, Missile Turret  
  163  9:16  SCV  
  165  9:28  Supply Depot  
  165  9:29  Supply Depot  
  165  9:33  Starport  
  165  9:37  Sensor Tower  
  165  9:39  Missile Turret  
  165  9:46  Missile Turret  
  165  9:47  Missile Turret  
  165  9:49  Ghost x3  
  174  9:55  Command Center  
  171  10:00  Viking x2  
  171  10:05  Marine x4  
  171  10:07  SCV x3  
  178  10:18  Marauder  
  178  10:19  SCV  
  169  10:25  Marauder  
  170  10:29  Marine x2, Marauder  
  170  10:33  Liberator x4  
  185  10:35  Orbital Command  
  184  10:43  Marauder  
  184  10:49  SCV x2  
  185  10:50  SCV  
  185  10:51  Fusion Core  
  185  10:52  Ghost x2  
  179  11:04  Planetary Fortress, Marauder  
  179  11:07  Marine  
  179  11:08  Marine x2  
  179  11:10  Orbital Command, Marine  
  181  11:20  Medivac  
  181  11:21  Marine x2  
  181  11:23  Medivac x2  
  181  11:25  Marine x4  
  189  11:28  Marine, Terran Infantry Armor Level 2  
  189  11:31  Refinery x2  
  194  11:35  SCV x2, Missile Turret  
  194  11:36  Sensor Tower  
  194  11:39  Marine x2  
  196  11:42  Missile Turret  
  196  11:44  Marauder  
  194  11:48  Caduceus Reactor  
  194  11:55  Terran Ship Weapons Level 2  
  194  11:57  Marauder x2  
  198  12:02  Command Center  
  198  12:10  Barracks  
  198  12:18  Barracks  
  198  12:19  Barracks  
  198  12:20  Command Center  
  198  12:22  Terran Infantry Weapons Level 3  
  196  12:37  Liberator  
  197  12:45  Advanced Ballistics  
  197  12:50  Sensor Tower  
  197  12:59  Command Center  
  197  13:00  Command Center x2  
  197  13:04  Personal Cloaking  
  197  13:13  Sensor Tower  
  197  13:26  Command Center  
  194  13:28  Barracks Reactor  
  194  13:29  Barracks Tech Lab x2  
  194  13:42  Liberator x2  
  194  13:46  Terran Infantry Armor Level 3  
  194  13:47  Starport  
  200  14:13  Orbital Command  
  200  14:14  Orbital Command  
  200  14:15  Planetary Fortress  
  200  14:20  Sensor Tower, Missile Turret  
  200  14:21  Missile Turret  
  200  14:25  Orbital Command  
  200  14:27  Orbital Command  
  200  14:28  Command Center  
  200  14:30  Terran Vehicle And Ship Armor Level 1  
  198  14:50  Marauder  
  198  14:55  Sensor Tower  
  198  14:59  Hi-Sec Auto Tracking  
  188  15:02  Marine x4, Marauder x2  
  188  15:03  Marine x2, Marauder x2  
  188  15:05  Starport Reactor  
  197  15:20  Marine x4  
  200  15:25  Missile Turret  
  200  15:28  Missile Turret  
  200  15:30  Missile Turret  
  200  15:37  Refinery x2  
  193  15:43  Marauder x4  
  193  15:45  Orbital Command x2  
  199  15:53  Missile Turret  
  199  15:56  Neosteel Armor  
  199  16:02  Missile Turret  
  199  16:03  Ghost x2  
  199  16:07  Missile Turret  
  199  16:08  Missile Turret  
  199  16:24  Terran Ship Weapons Level 3  
  193  16:26  Viking x3  
  193  16:31  Marauder  
  199  16:34  Marauder  
  198  17:14  Viking x6  
  199  17:22  Missile Turret  
  196  17:25  Missile Turret  
  196  17:29  Ghost  
  194  17:31  Ghost x2  
  198  17:41  Command Center  
  198  17:44  Missile Turret  
  198  17:47  Missile Turret  
  198  17:48  Starport  
  198  17:55  Viking x5  
  198  17:56  Ghost x2  
  198  17:58  Marine, Marauder  
  200  18:00  Marauder  
  200  18:05  Sensor Tower  
  199  18:06  Missile Turret  
  199  18:09  Missile Turret  
  195  18:47  Marauder x2  
  198  18:50  Marauder  
  200  19:01  Terran Vehicle And Ship Armor Level 2  
  200  19:02  Command Center  
  193  19:06  Marauder  
  174  19:11  Viking x2  
  174  19:16  Marauder x2  
  170  19:17  Viking  
  170  19:18  Viking, Marine x3  
  170  19:21  Marine x2, Marauder  
  175  19:25  Viking x2  
  175  19:27  Marauder, Marine  
  175  19:28  Marauder  
  170  19:36  Marine x3  
  170  19:38  Marauder x2  
  163  19:41  Viking x2  
  163  19:43  Marauder  
  167  19:46  Viking  
  167  19:51  Viking  
  171  19:56  Viking  
  171  19:58  Ghost  
  171  19:59  Ghost  
  164  20:02  Liberator  
  164  20:04  Planetary Fortress  
  164  20:06  Viking  
  169  20:11  Viking  
  169  20:13  Ghost  
  173  20:15  Marine, Marauder x2  
  173  20:21  Viking x3, Marine  
  174  20:22  Marine x3  
  174  20:24  Marine  
  174  20:26  Viking  
  174  20:27  Marine  
  174  20:28  Marine  
  184  20:32  Marine  
  181  20:36  Marine x2  
  181  20:39  Marine  
  181  20:42  Ghost  
  174  20:43  Liberator x2  
  174  20:44  Marine x2, Ghost  
  174  20:45  Marine x2, Ghost  
  174  20:46  Planetary Fortress  
  174  20:48  Missile Turret  
  188  20:50  Marine  
  188  20:51  Viking x2  
  188  20:53  Ghost x2  
  188  20:56  Viking  
  191  20:57  Marine  
  191  20:58  Liberator x2  
  191  21:02  Marine x2  
  191  21:03  Marine x2  
  189  21:08  Marine  
  170  21:11  Marauder  
  170  21:14  Marauder, Ghost  
  170  21:15  Marine  
  166  21:19  Marine  
  166  21:20  Marine x2  
  166  21:21  Marine  
  166  21:22  Ghost  
  166  21:23  Marauder  
  163  21:26  Marine  
  163  21:28  Viking  
  163  21:31  Ghost  
  157  21:33  Marine, Viking  
  157  21:34  Ghost  
  157  21:35  Viking  
  157  21:37  Marine x2  
  157  21:38  Marine x2  
  159  21:48  Marine x2  
Show
View Real Time Build Order
Export as new Build Order

Zoun Protoss 

Build Orders: 1 Gate Expand, Phoenix Opening, Carriers 

Get SALT Encoding   

  12  0:00  Probe  
  13  0:12  Probe  
  14  0:16  Pylon  
  14  0:23  Probe  
  15  0:31  Probe  
  15  0:36  Gateway  
  15  0:39  Probe  
  16  0:45  Assimilator  
  17  0:51  Probe  
  18  1:03  Probe  
  19  1:15  Probe  
  20  1:23  Cybernetics Core  
  20  1:32  Nexus  
  20  1:40  Pylon  
  20  1:42  Probe  
  21  1:49  Adept  
  21  1:50  Assimilator  
  21  1:55  Probe  
  24  2:07  Probe  
  25  2:19  Probe  
  25  2:20  Stargate  
  26  2:22  Adept  
  28  2:32  Probe  
  28  2:33  Warp Gate  
  29  2:40  Probe x2  
  31  2:48  Probe x2  
  31  2:50  Stalker  
  31  2:58  Probe, Phoenix  
  35  3:01  Probe  
  39  3:10  Gateway  
  39  3:11  Probe  
  40  3:16  Probe  
  40  3:18  Phoenix  
  41  3:23  Probe  
  44  3:32  Pylon  
  44  3:33  Probe  
  45  3:37  Probe  
  45  3:40  Gateway  
  46  3:42  Phoenix  
  46  3:50  Probe  
  49  3:59  Probe, Twilight Council  
  50  4:10  Nexus  
  50  4:14  Phoenix  
  50  4:15  Charge  
  52  4:17  Pylon, Probe  
  52  4:23  Probe  
  54  4:28  Pylon  
  54  4:31  Assimilator  
  54  4:33  Assimilator  
  54  4:35  Probe  
  54  4:38  Probe  
  56  4:47  Probe  
  56  4:50  Probe, Gateway  
  56  4:51  Gateway  
  58  4:53  Gateway  
  58  4:59  Probe  
  59  5:03  Pylon  
  59  5:06  Probe  
  60  5:07  Templar Archives  
  56  5:14  Probe  
  56  5:21  Probe  
  58  5:23  Psionic Storm  
  58  5:26  Probe  
  59  5:29  Zealot x3  
  59  5:30  Probe  
  59  5:33  Probe  
  67  5:40  Shield Battery x2, Probe  
  69  5:42  Probe  
  69  5:49  High Templar  
  71  5:50  Probe  
  71  5:52  Probe  
  71  5:54  Probe  
  74  5:57  High Templar  
  74  6:00  Gateway  
  74  6:03  Gateway  
  76  6:05  Zealot  
  76  6:10  Probe x3  
  81  6:14  High Templar  
  81  6:16  Zealot x2  
  87  6:22  Probe  
  87  6:24  Pylon  
  88  6:26  Robotics Facility  
  88  6:29  Probe x2  
  88  6:30  Sentry  
  92  6:34  Pylon  
  92  6:44  Probe x3  
  92  6:45  Blink  
  95  6:48  Zealot x3  
  95  6:51  Pylon  
  101  7:02  Nexus  
  101  7:04  Pylon  
  101  7:05  Forge  
  101  7:10  Forge  
  101  7:14  High Templar  
  103  7:16  Probe x3  
  103  7:17  Protoss Ground Weapons Level 1  
  103  7:19  Observer, Pylon x2  
  103  7:21  Protoss Ground Armor Level 1  
  107  7:25  High Templar  
  107  7:28  Pylon, Probe x2  
  107  7:29  Probe, Shield Battery  
  112  7:39  Probe  
  112  7:41  Probe  
  112  7:42  Pylon  
  112  7:43  Probe  
  115  7:47  Probe  
  115  7:49  Probe  
  115  7:53  Gateway  
  115  7:54  Warp Prism  
  115  7:55  Gateway, Probe  
  115  7:58  Robotics Bay  
  120  8:00  Probe x2  
  120  8:01  Robotics Facility  
  122  8:18  Nexus  
  122  8:20  Pylon  
  122  8:21  Probe x2  
  122  8:22  Probe  
  122  8:23  Probe  
  126  8:31  Gateway x2  
  126  8:33  Gateway  
  126  8:35  Gateway  
  126  8:38  Probe x3  
  126  8:39  Probe, Photon Cannon  
  136  8:49  Disruptor x2  
  136  8:50  Extended Thermal Lance  
  136  8:52  Probe x2  
  136  8:53  Probe  
  136  8:55  Assimilator  
  141  8:56  Assimilator  
  141  8:58  Zealot x6  
  149  9:09  Protoss Ground Weapons Level 2  
  149  9:16  Stalker x4  
  157  9:17  Protoss Ground Armor Level 2  
  156  9:28  Zealot x5  
  156  9:29  Zealot x3  
  172  9:32  Probe x3, Observer  
  172  9:33  Observer  
  177  9:48  Pylon  
  177  9:49  Stargate  
  177  9:59  Zealot x9  
  195  10:04  Nexus  
  195  10:13  Colossus x2  
  177  10:33  Stalker, Zealot x11  
  199  10:37  Pylon  
  191  10:49  Zealot x2  
  155  11:04  Disruptor x2  
  155  11:06  Zealot x9  
  155  11:07  Zealot x3  
  155  11:09  Pylon  
  187  11:21  Stalker x2  
  190  11:28  Stalker  
  190  11:29  Stalker x4  
  198  11:40  Warp Prism  
  198  11:41  Protoss Ground Armor Level 3, Protoss Ground Weapons Level 3  
  184  11:54  Assimilator x2  
  184  11:56  Stargate  
  184  11:59  Cybernetics Core  
  184  12:00  Stargate  
  184  12:13  Photon Cannon, Protoss Air Weapons Level 1  
  184  12:14  Photon Cannon, Assimilator  
  184  12:15  Assimilator, Pylon  
  184  12:16  Observer  
  184  12:18  Gravitic Boosters  
  173  12:50  Fleet Beacon  
  173  12:53  Zealot x13  
  199  13:13  Disruptor  
  199  13:15  Assimilator  
  199  13:16  Gravitic Drive  
  199  13:17  Protoss Air Armor Level 1  
  199  13:19  Assimilator  
  197  13:20  Pylon  
  197  13:24  Photon Cannon  
  197  13:25  Photon Cannon  
  197  13:26  Observer  
  199  13:27  Shield Battery, Gateway  
  199  13:28  Photon Cannon  
  199  13:29  Gateway  
  199  13:33  Gateway  
  200  13:37  Gateway  
  196  14:10  Zealot x2  
  200  14:20  Protoss Shields Level 1  
  200  14:31  Nexus  
  198  14:33  Tempest  
  198  14:36  Protoss Air Weapons Level 2  
  188  14:46  Tempest  
  188  14:47  Tempest  
  188  15:04  Stargate  
  188  15:10  Warp Prism x2  
  190  15:15  Protoss Air Armor Level 2  
  190  15:16  Tempest, High Templar  
  190  15:17  High Templar x2  
  200  15:25  Pylon  
  196  15:29  Tempest  
  188  15:43  Oracle  
  188  15:44  Mothership  
  188  15:47  Shield Battery  
  188  15:49  Photon Cannon  
  199  15:50  Photon Cannon  
  199  15:52  Photon Cannon  
  199  16:23  Assimilator  
  195  16:27  Assimilator  
  193  16:34  Observer x2  
  192  16:42  Photon Cannon  
  192  16:47  Archon  
  192  17:00  High Templar x4  
  198  17:14  Tempest x2  
  179  17:36  Carrier x2  
  188  17:40  Zealot x6  
  188  17:41  Zealot  
  200  17:55  Protoss Shields Level 2  
  200  17:56  Unknown  
  188  18:06  Protoss Air Weapons Level 3  
  188  18:10  Photon Cannon x3  
  188  18:11  Sentry, Shield Battery  
  190  18:12  High Templar  
  190  18:13  High Templar x2  
  190  18:18  Protoss Air Armor Level 3  
  192  18:22  Pylon  
  192  18:23  Carrier  
  190  18:36  Photon Cannon  
  187  18:43  Zealot x7  
  187  18:46  Zealot  
  195  18:55  Stalker x9  
  175  19:05  Carrier  
  145  19:11  Zealot x2  
  145  19:12  Zealot x7  
  145  19:15  Carrier x2, Archon  
  171  19:17  Carrier  
  134  19:28  Stalker x9  
  136  19:31  Mothership  
  136  19:34  Zealot x9  
  150  19:51  Disruptor x2  
  148  19:57  Sentry  
  148  19:58  Stalker x3, Zealot x2  
  148  19:59  Zealot x12  
  180  20:04  Nexus  
  180  20:06  Pylon  
  184  20:17  Nexus  
  184  20:19  Pylon  
  160  20:21  Zealot x6  
  160  20:22  High Templar  
  160  20:23  Zealot x6  
  178  20:30  Disruptor x2  
  170  20:40  Sentry, Zealot x4  
  160  20:45  Stalker x5, Zealot x3  
  160  20:46  Zealot x3  
  160  20:49  High Templar  
  158  21:05  Disruptor x2  
  146  21:11  Zealot x6  
  146  21:12  Zealot  
  146  21:17  Stalker x6  
  146  21:18  Stalker  
  144  21:26  High Templar x4  
  142  21:33  Archon  
  142  21:34  Archon  
  124  21:41  High Templar x7  
  130  21:49  Archon x3  
  130  21:51  Stalker x5  
Tags
 
Add a new tag
Caveats
  • Supply blocks, unpowered buildings, or Contaminate may cause inaccurate times.
  • Supply counts are checked every 10 seconds.